 Dungeon Crawl Stone Soup version 0.29-a0-520-gc852659d43 (webtiles) character file.

Game seed: 3043780293638124067

2350 Crownlay the Cleaver (level 9, -1/111 HPs)
             Began as a Hill Orc Fighter on May 31, 2022.
             Was an Initiate of Okawaru.
             Succumbed to their own poison gas
             ... on level 7 of the Dungeon.
             The game lasted 00:12:35 (6462 turns).

Crownlay the Cleaver (Hill Orc Fighter)             Turns: 6462, Time: 00:12:36

Health: -1/111     AC: 17    Str: 23    XL:     9   Next: 43%
Magic:  11/11      EV: 21    Int:  8    God:    Okawaru [......]
Gold:   111        SH:  6    Dex: 16    Spells: 8/8 levels left

rFire   . . .      SeeInvis .   a - +0 war axe
rCold   . . .      Faith    .   c - +0 buckler
rNeg    . . .      Spirit   .   w - +0 plate armour
rPois   .          Reflect  .   y - +1 helmet
rElec   .          Harm     .   D - +0 cloak
rCorr   .          Rampage  .   t - +0 pair of gloves
Will    .....                   (no boots)
Stlth   ..........              e - amulet of the acrobat
HPRegen 0.28/turn               g - +6 ring of dexterity
MPRegen 0.12/turn               (no ring)

@: berserking, lethally poisoned (-1 -> -32), acrobatic, very quick
A: high MP 1, MP-powered wands
a: Renounce Religion


You were on level 7 of the Dungeon.
You worshipped Okawaru.
Okawaru was noncommittal.
You visited 2 branches of the dungeon, and saw 8 of its levels.

You collected 266 gold pieces.
You spent 155 gold pieces at shops.

Inventory:

Hand Weapons
 a - a +0 war axe (weapon)
Missiles
 k - 19 poisoned darts (quivered)
 x - 6 boomerangs
Armour
 c - a +0 buckler (worn)
 t - a +0 pair of gloves (worn)
 w - a +0 plate armour (worn)
 y - a +1 helmet (worn)
 D - a +0 cloak (worn)
Jewellery
 b - a ring of fire
 e - an amulet of the acrobat (around neck)
 g - a +6 ring of dexterity (left hand)
Wands
 B - a wand of flame (20)
 E - a wand of mindburst (11)
Scrolls
 f - a scroll of fear {unknown}
 h - a scroll of brand weapon {unknown}
 j - 2 scrolls of enchant weapon
 l - a scroll of poison
 n - 3 scrolls of fog
 p - 2 scrolls of amnesia
 q - 2 scrolls of magic mapping {unknown}
 u - a scroll of silence {unknown}
 z - a scroll of acquirement {unknown}
 C - 3 scrolls of teleportation
 F - a scroll of immolation {unknown}
Potions
 d - a potion of might
 i - a potion of curing {unknown}
 m - a potion of flight {unknown}
 o - 3 potions of haste
 r - 3 potions of mutation
 s - a potion of berserk rage
 v - a potion of cancellation {unknown}
 A - a potion of brilliance {unknown}


   Skills:
 - Level 5.0 Fighting
 * Level 10.4 Axes
 * Level 4.9 Throwing
 - Level 6.0 Armour
 + Level 6.7 Shields
 + Level 1.7 Invocations


You had 8 spell levels left.
You didn't know any spells.
Your spell library was empty.

Dungeon Overview and Level Annotations

Branches:
Dungeon (7/15)             Temple (1/1) D:6

Altars:
Cheibriados
Gozag
Makhleb
Okawaru
Sif Muna
Trog
Xom

Shops:
D:4 (   D:5 ((*?


Innate Abilities, Weirdness & Mutations

You have an increased reservoir of magic. (+10% MP)
You expend magic power (3 MP) to strengthen your wands.


Message History

You are too injured to fight recklessly!
You are too injured to fight recklessly!
You hit the gnoll shaman.
The gnoll shaman is almost dead.
You slash the gnoll!
You feel very sick.
A hound comes into view.
The gnoll hits you from afar with a +1 spear of venom.
You are more poisoned.
The gnoll hits you but does no damage.
The gnoll shaman hits you with a +0 club!
* * * LOW HITPOINT WARNING * * *
Really read the scroll of poison?
The air fills with toxic fumes!
As you read the scroll of poison, it crumbles to dust.
* * * LOW HITPOINT WARNING * * *
You feel very sick.
The hound barks!
The gnoll hits you but does no damage.
The gnoll hits you from afar with a +1 spear of venom!
* * * LOW HITPOINT WARNING * * *
The gnoll shaman calls upon its god to speed up the gnoll.
The gnoll seems to speed up.
It was a potion of berserk rage.
A red film seems to cover your vision as you go berserk!
You feel yourself moving faster!
You feel mighty!
* * * LOW HITPOINT WARNING * * *
You feel very sick.
The hound is engulfed in poison gas.
The hound is poisoned.
The gnoll hits you but does no damage. x3; You block the gnoll shaman's attack.
You are too berserk!
You are too berserk!
You are too berserk!
You are too berserk!
Really walk into that cloud of poison gas?
You feel a strong urge to attack something.
You are engulfed in poison gas.
You are more poisoned.
* * * LOW HITPOINT WARNING * * *
You die...

#############
#..[..§§§§§§#
#.....§§§§§g############
+......§§h§ggg§§§§§§§..#
#...........#.§§§§§§§..#
#...........#§@§§§§§§..#
###....gg.....#§§§§§§§§..#
#####
....?...#######§§§§§§§§..#
#...# ......g.#
#§§§§§§§§..# #.#.#
......$.#
#§§§§§§§§..####.#.#
........#
###§§######.....#.#
...g.[.(# ##§# #.###.#.#
!..g.g..# #.######.#####.#
.....g... ..........>....#


You could see a gnoll shaman and 3 gnolls.

Vanquished Creatures
  4 yaks (D:6)
  A black bear (D:6)
  3 ice beasts
  2 ogres
  A centaur (D:6)
  A phantom (D:4)
  2 necrophages
  A bullfrog (D:6)
  A gnoll sergeant (D:6)
  2 scorpions
  3 jellies
  An orc priest (D:3)
  A hound (D:4)
  Ijyb (D:3)
  5 iguanas
  Natasha (thrice) (D:2)
  An orc wizard (D:3)
  9 adders
  15 gnolls
  A shadow imp (D:6)
  An ufetubus (D:5)
  2 worms
  12 orcs
  4 endoplasms
  6 giant cockroaches
  5 hobgoblins
  6 jackals
  5 quokkas
  7 ball pythons
  2 bats (D:2)
  5 frilled lizards
  4 goblins
  5 rats
122 creatures vanquished.

Notes
Turn   | Place    | Note
-------+----------+-------------------------------------------
     0 | D:1      | Crownlay the Hill Orc Fighter began the quest for the Orb.
     0 | D:1      | Reached XP level 1. HP: 19/19 MP: 1/1
   292 | D:1      | Found a faded altar of an unknown god.
   309 | D:1      | Reached skill level 3 in Axes
   364 | D:1      | Reached XP level 2. HP: 27/27 MP: 2/2
   658 | D:1      | Found a shimmering altar of Xom.
   873 | D:2      | Noticed Natasha
   879 | D:2      | Killed Natasha
   880 | D:2      | Reached XP level 3. HP: 27/33 MP: 3/3
   992 | D:2      | Noticed Natasha
   999 | D:2      | Killed Natasha
  1000 | D:2      | Reached skill level 4 in Axes
  1000 | D:2      | Reached skill level 1 in Throwing
  1000 | D:2      | Reached XP level 4. HP: 40/40 MP: 4/4
  1076 | D:2      | Noticed Natasha
  1082 | D:2      | Killed Natasha
  1208 | D:2      | Reached XP level 5. HP: 46/46 MP: 5/5
  1997 | D:3      | Noticed Ijyb
  2002 | D:3      | Killed Ijyb
  2352 | D:3      | Reached skill level 5 in Axes
  2366 | D:3      | Reached XP level 6. HP: 9/53 MP: 6/6
  2970 | D:4      | Found Athayw's Antique Weapon Emporium.
  3226 | D:4      | Reached skill level 5 in Fighting
  3436 | D:4      | Reached skill level 6 in Axes
  3436 | D:4      | Reached XP level 7. HP: 59/61 MP: 7/7
  3807 | D:5      | Entered Level 5 of the Dungeon
  3811 | D:5      | Found Nodghops's Magic Scroll Boutique.
  3819 | D:5      | Bought a scroll of amnesia for 45 gold pieces
  3819 | D:5      | Bought a scroll of enchant weapon for 97 gold pieces
  3819 | D:5      | Bought a scroll of noise for 13 gold pieces
  3948 | D:5      | Gained mutation: You expend magic power (3 MP) to
                  | strengthen your wands. [potion of mutation]
  3948 | D:5      | Gained mutation: You have an increased reservoir of magic.
                  | (+10% MP) [potion of mutation]
  3953 | D:5      | Reached skill level 7 in Axes
  3953 | D:5      | Reached skill level 5 in Armour
  3953 | D:5      | Reached skill level 5 in Shields
  4188 | D:5      | Reached XP level 8. HP: 64/68 MP: 8/8
  4232 | D:5      | Found Oboata's Antique Weapon Shop.
  4379 | D:5      | Found Locsug's General Store.
  4680 | D:5      | Found Cemmidwe's Weapon Shop.
  5134 | D:6      | Reached skill level 8 in Axes
  5455 | D:6      | Noticed a yak
  5456 | D:6      | Noticed a yak
  5456 | D:6      | Noticed a yak
  5466 | D:6      | Noticed a yak
  5472 | D:6      | Killed a yak
  5473 | D:6      | Killed a yak
  5474 | D:6      | Reached skill level 9 in Axes
  5485 | D:6      | Killed a yak
  5486 | D:6      | Reached XP level 9. HP: 34/74 MP: 9/9
  5494 | D:6      | Reached skill level 10 in Axes
  5752 | D:6      | Found a staircase to the Ecumenical Temple.
  5766 | Temple   | Entered the Ecumenical Temple
  5800 | Temple   | Became a worshipper of Warmaster Okawaru
  5899 | D:6      | Reached skill level 1 in Invocations
  6462 | D:7      | HP: 4/111 [cloud of poison gas (2)]
  6462 | D:7      | Succumbed to their own poison gas

Illustrated notes

Levels and vault maps discovered:
D:1:      dpeg_arrival_water_altar, layout_rooms, ebering_ecumenical_altar_webs
D:2:      layout_rooms, grunt_ministairs_7, roderic_lattice_a, hex_medium,
          chequers_serial_rivers_micro_a, uniq_natasha
D:3:      layout_loops_ring, minmay_bisected, uniq_ijyb
D:4:      layout_loops_corners, serial_shops, nicolae_shop_behind_doors
D:5:      layout_gridville, serial_shops, shop, shop, shop_scrolls,
          nicolae_lakefront_shop, minmay_misc_feat_hallway, abandoned_shop,
          kennysheep_generic_room_11
D:6:      layout_loops_ring, minmay_temple_entry_slanted
D:7:      layout_basic, kennysheep_mini_moat
Temple:   mainiacjoe_temple_hex_bubbles

Skill      XL: |  1  2  3  4  5  6  7  8  9 |
---------------+----------------------------+-----
Axes           | 3 4 5 6 7 9 10 | 10.4
Fighting       | 4 5 |  5.0
Throwing       | 1 2 3 4 |  4.9
Armour         | 4 5 6 |  6.0
Shields        | 4 5 6 |  6.7
Invocations    | 1 |  1.7

Action                   |  1- 3 |  4- 6 |  7- 9 || total
-------------------------+-------+-------+-------++-------
Melee: War axe           |    47 |   147 |   225 ||   419
Throw: Dart              |    18 |    11 |     3 ||    32
  Use: Potion            |       |       |     6 ||     6
       Scroll            |       |       |     4 ||     4
Armor: Scale mail        |    12 |     3 |       ||    15
       Plate armour      |       |    74 |   147 ||   221
Dodge: Dodged            |    26 |    52 |    78 ||   156
Block: Buckler           |    12 |    35 |    63 ||   110

Table legend: (Time is in decaauts)
 A = Elapsed time spent in this place.
 B = Non-inter-level travel time spent in this place.
 C = Inter-level travel time spent in this place.
 D = Time resting spent in this place.
 E = Time spent auto-exploring this place.
 F = Levels seen in this place.
 G = Mean time per level.
                   A        B        C        D        E       F      G
               +--------+--------+--------+--------+--------+-----+--------+
         Total |   6548 |   6249 |    299 |    339 |   4901 |   8 |  818.5 |
       Dungeon |   6473 |   6197 |    276 |    339 |   4858 |   7 |  924.7 |
        Temple |     74 |     51 |     23 |      0 |     43 |   1 |   74.0 |
               +--------+--------+--------+--------+--------+-----+--------+

Top non-repeatable levels by time:
     D:6: 1495 daAuts
     D:3: 1095 daAuts
     D:4: 1045 daAuts
     D:2: 1026 daAuts
     D:5: 1003 daAuts
     D:1: 720 daAuts
     D:7: 86 daAuts
  Temple: 74 daAuts
